 Dungeon Crawl Stone Soup version 0.29.1-15-g9cfb28693d (webtiles) character file.

Game seed: 10011250548879913410

149 comborobin the Ruffian (level 5, 0/45 HPs)
             Began as a Draconian Delver on Dec 28, 2023.
             Slain by an orc warrior
             ... wielding a +0 war axe
              (10 damage)
             ... on level 4 of the Dungeon.
             The game lasted 00:04:51 (2467 turns).

comborobin the Ruffian (Draconian Delver)           Turns: 2467, Time: 00:04:52

Health: 0/45       AC:  7    Str: 17    XL:     5   Next: 9%
Magic:  5/5        EV: 16    Int: 10    God:
Gold:   109        SH:  0    Dex: 12    Spells: 4/4 levels left

rFire   + . .      SeeInvis .     - Unarmed
rCold   + . .      Faith    .   (no shield)
rNeg    . . .      Spirit   .   (body armour unavailable)
rPois   +          Reflect  .   (helmet restricted)
rElec   +          Harm     .   i - +0 cloak
rCorr   +          Rampage  .   f - +0 pair of gloves
Will    .....                   (no boots)
Stlth   +++.......              (no amulet)
HPRegen 0.15/turn               b - +4 ring of evasion
MPRegen 0.09/turn               (no ring)

@: resistant
A: AC +5, unfitting armour, cold-blooded
a: no special abilities


You were on level 4 of the Dungeon.
You visited 1 branch of the dungeon, and saw 5 of its levels.

You collected 109 gold pieces.

Inventory:

Hand Weapons
 j - the +4 dagger "Plog" {vorpal, rCorr}
   (You found it on level 3 of the Dungeon)

   It inflicts extra damage upon your enemies.
   rCorr:     It protects you from acid and corrosion.
Armour
 f - a +0 pair of gloves (worn)
 i - a +0 cloak (worn)
Magical Staves
 a - a staff of earth
Jewellery
 b - a +4 ring of evasion (left hand)
Wands
 e - a wand of digging (1)
Scrolls
 g - a scroll of teleportation {unknown}
 h - a scroll of noise {unknown}


   Skills:
 - Level 3.2 Fighting
 - Level 1.7 Dodging
 - Level 4.5 Stealth
 + Level 5.3 Unarmed Combat


You had 4 spell levels left.
You didn't know any spells.
Your spell library contained the following spells:

 Spells                   Type           Power      Damage    Failure   Level
 Summon Small Mammal      Summ           0%         N/A       36%         1
 Call Canine Familiar     Summ           0%         N/A       75%         3
 Inner Flame              Hex/Fire       0%         N/A       75%         3
 Summon Guardian Golem    Hex/Summ       0%         N/A       75%         3
 Cause Fear               Hex            0%         N/A       98%         4
 Freezing Cloud           Conj/Ice/Air   0%         6-21      100%        5
 Simulacrum               Ice/Necr       0%         N/A       100%        6
 Discord                  Hex            0%         N/A       100%        8
 Polar Vortex             Ice            0%         N/A       100%        9


Dungeon Overview and Level Annotations

Branches:
Dungeon (6/15)
 Temple: D:4-7

Altars:

Shops:
D:5 (

Annotations:
D:3 1 runed translucent door, 0gre's ghost, amateur OpIE
D:4 Dinohead20's ghost, novice HOMo


Innate Abilities, Weirdness & Mutations

Your plain brown scales are hard. (AC +5)
You cannot fit into any form of body armour.
You are cold-blooded and may be slowed by cold attacks.


Message History

A ball python comes into view.
A ball python is nearby!
A ball python is nearby!
Found a pair of gloves.
The helpless ball python fails to defend itself.
You hit the ball python.
The ball python is severely wounded.
The ball python bites you but does no damage.
The ball python closely misses you.
You hit the ball python.
You kill the ball python!
No target in view!
No target in view!
No target in view!
No target in view!
You see here a ball python corpse.
An orc warrior comes into view. It is wielding a +0 war axe.
An orc warrior is nearby!
An orc warrior is nearby!
The helpless orc warrior fails to defend itself.
You hit the orc warrior.
The orc warrior is lightly wounded.
The orc warrior hits you with a +0 war axe!
An orc warrior is nearby!
You barely miss the orc warrior.
The orc warrior is lightly wounded.
The orc warrior closely misses you.
Okay, then.
It was a potion of resistance.
You feel protected.
The orc warrior hits you with a +0 war axe!
It was a potion of curing.
You feel better.
The orc warrior hits you with a +0 war axe!
The orc warrior attacks as you move away!
The orc warrior hits you with a +0 war axe!
* * * LOW HITPOINT WARNING * * *
Okay, then.
The orc warrior attacks as you move away!
The orc warrior hits you with a +0 war axe!
You die...

..#.....# #.#.....##
##.#......##
##..#...##..##
###..#.#..####.###
#...##.##..# ##..##
#..##.#.##.# ##..#
##.o##..###.# ##..
#..@.##..#..#######.
##..##.#.##.##....#.
#..##. ###.###....#
#...## #..# #....#
#..## ##.# ##..##
##.## ##.# #..# #..#
#..# ##.## #.##
##.###.## ###.##
##.##..###


You could see an orc warrior.

Vanquished Creatures
  A hound (D:3)
  An iguana (D:4)
  2 adders
  An ufetubus (D:4)
  A worm (D:2)
  A dart slug (D:3)
  9 orcs (D:3)
  5 ball pythons
  3 endoplasms
  2 giant cockroaches (D:4)
  2 goblins (D:2)
  6 hobgoblins
  5 jackals
  A quokka (D:2)
  5 bats
  5 frilled lizards
  2 kobolds
  4 rats
56 creatures vanquished.

Vanquished Creatures (others)
  4 plants (D:5)
4 creatures vanquished.

Grand Total: 60 creatures vanquished

Notes
Turn   | Place    | Note
-------+----------+-------------------------------------------
     0 | D:5      | comborobin the Draconian Delver began the quest for the
                  | Orb.
     0 | D:5      | Reached XP level 1. HP: 19/19 MP: 1/1
     1 | D:6      | Noticed an iguana
    59 | D:5      | Found Saost's Antique Weapon Shoppe.
    88 | D:6      | Noticed a water moccasin
    88 | D:6      | Noticed a bullfrog
   100 | D:5      | Noticed a jelly
   250 | D:4      | Noticed Dinohead20's ghost (novice HOMo)
   336 | D:4      | Reached XP level 2. HP: 13/26 MP: 2/2
   558 | D:3      | Reached skill level 3 in Unarmed Combat
   794 | D:3      | Found a runed translucent door.
   794 | D:3      | Noticed 0gre's ghost (amateur OpIE)
   932 | D:2      | Reached XP level 3. HP: 31/31 MP: 3/3
  1046 | D:2      | Reached skill level 4 in Unarmed Combat
  1312 | D:2      | You fall into a shaft and drop 2 floors!
  1345 | D:3      | Reached XP level 4. HP: 38/38 MP: 4/4
  1787 | D:3      | Reached skill level 5 in Unarmed Combat
  1867 | D:3      | Identified the +4 dagger "Plog" {vorpal, rCorr}
  2177 | D:4      | Reached XP level 5. HP: 29/45 MP: 5/5
  2452 | D:4      | Noticed an orc warrior
  2467 | D:4      | Slain by an orc warrior

Illustrated notes

Levels and vault maps discovered:
D:2:      layout_loops_ring, st_stairs_1, chequers_serial_rivers_micro_d,
          chequers_serial_rivers_large_b, chequers_mini_garden,
          chequers_decorated_corner
D:3:      layout_basic, gammafunk_ghost_grave, st_stairs_1, nrook_mini_vaults,
          corexii_corridor_pit
D:4:      layout_cave_pods, mainiacjoe_overflow_tiny_flanked,
          gammafunk_ghost_split, minmay_manual_macuahuitl
D:5:      layout_basic, mainiacjoe_overflow_concentric_impassable,
          dancing_weapons_uskayaw, serial_shops, shop, serial_corexii_hall,
          corexii_hall_statues_u, corexii_hall_statues_l, serial_bayou_lake_a
D:6:      layout_loops_ring, fedhas_bush_and_centaur_altar, lemuel_doored_altar,
          nicolae_hepliaklqana_hippocampus, gammafunk_ghost_arena,
          grunt_ministairs_11, minmay_ruined_shrine, uniq_crazy_yiuf_cottage,
          uniq_maggie, uniq_grinder

Skill      XL: |  1  2  3  4 |
---------------+-------------+-----
Unarmed Combat | 3 4 5 |  5.3
Fighting       | |  3.2
Dodging        | |  1.7
Stealth        | |  4.5

Action                   |  1- 3 |  4- 6 || total
-------------------------+-------+-------++-------
Melee: Unarmed           |   130 |    91 ||   221
       Tailslap          |    13 |     5 ||    18
       Punch             |     1 |     1 ||     2
Evoke: Wand              |     2 |       ||     2
  Use: Scroll            |     3 |       ||     3
       Potion            |     1 |     2 ||     3
 Stab: Sleeping          |     2 |     3 ||     5
Armor: Skin              |    38 |    30 ||    68
Dodge: Dodged            |   150 |    84 ||   234
